 Dungeon Crawl Stone Soup version 0.22.1-2-g9c5b331 (webtiles) character file.

206 diana the Ruffian (level 5, -2/29 HPs)
             Began as a Vine Stalker Fighter on Nov 21, 2018.
             Slain by Menkaure (17 damage)
             ... on level 4 of the Dungeon.
             The game lasted 00:02:48 (2150 turns).

diana the Ruffian (Vine Stalker Fighter)            Turns: 2150, Time: 00:02:48

Health: -2/29      AC:  6    Str: 25    XL:     5   Next: 84%
Magic:  0/6        EV:  7    Int:  8    God:
Gold:   210        SH:  9    Dex: 13    Spells: 4/4 levels left

rFire    . . .     SeeInvis .     - Unarmed
rCold    . . .     Gourm    .   b - +0 shield
rNeg     + . .     Faith    .   a - +0 scale mail
rPois    .         Spirit   +   (no helmet)
rElec    .         Reflect  .   (no cloak)
rCorr    .         Harm     .   (no gloves)
MR       .....                  (no boots)
Stlth    +.........             (no amulet)
HPRegen  0.49/turn              p - ring of stealth
MPRegen  0.10/turn              l - ring of positive energy

@: mighty
A: fangs 2, regeneration 1, magic shield, antimagic bite, no potion heal 3, rot
immunity
a: no special abilities


You were on level 4 of the Dungeon.
You were very hungry.

You visited 1 branch of the dungeon, and saw 4 of its levels.

You collected 210 gold pieces.

Inventory:

Missiles
 k - 2 throwing nets (quivered)
Armour
 a - a +0 scale mail (worn)
 b - a +0 shield (worn)
Jewellery
 f - an uncursed ring of wizardry
 l - a ring of positive energy (right hand)
 p - a ring of stealth (left hand)
 q - an uncursed amulet of magic regeneration {unknown}
Scrolls
 g - 2 scrolls of amnesia
 h - 2 scrolls of remove curse {unknown}
 j - a scroll of immolation {unknown}
 n - 4 scrolls of identify {unknown}
 o - 2 scrolls of fog {unknown}
 r - a scroll of magic mapping {unknown}
 s - a scroll of teleportation {unknown}
 w - a scroll of enchant weapon {unknown}
 y - a scroll of enchant armour {unknown}
Potions
 e - a potion of lignification {unknown}
 i - a potion of berserk rage {unknown}
 m - a potion of haste {unknown}
 t - a potion of mutation {unknown}
 u - a potion of degeneration {unknown}
 v - a potion of magic {unknown}
 x - 2 potions of ambrosia {unknown}
 z - a potion of heal wounds {unknown}
 A - a potion of flight {unknown}
Comestibles
 d - 6 rations


   Skills:
 + Level 4.1 Fighting
 - Level 2.4 Armour
 - Level 0.1 Dodging
 - Level 2.6 Shields
 * Level 4.7 Unarmed Combat


You had 4 spell levels left.
You didn't know any spells.
Your spell library was empty.

Dungeon Overview and Level Annotations

Branches:
Dungeon (4/15)
 Temple: D:4-7

Altars:
Cheibriados

Annotations:
D:4 Menkaure


Innate Abilities, Weirdness & Mutations

You have extremely sharp teeth.
Your natural rate of healing is unusually fast.
When hurt, damage is shared between your health and your magic reserves.
Your bite disrupts and absorbs the magic of your enemies.
Potions cannot restore your health.
You are immune to rotting.


Message History

No target in view!
No target in view!
No target in view!
No target in view!
No target in view!
Found a dagger.
No target in view!
Menkaure, Prince of Dust comes into view.
Menkaure shouts!
Menkaure calls on the powers of darkness!
Your body is wracked with pain!
Menkaure is nearby!
Menkaure calls on the powers of darkness!
Your body is wracked with pain!
You are too injured to fight recklessly!
You are too injured to fight recklessly!
You feel very mighty all of a sudden. Menkaure hits you!!
Ouch! That really hurt!
You die...

#....####
#.#####.##
#.####
#......... #.#
########## #.# #
#.# # ####.### #
#...)..# #
#.##.#.# # #
#.#@# ### #.M.#
#.. ###.# #. #.#
#.# # #. #.#
..#.###.###. #.#
.#..........##
#.# #
#..........# #.#
#.......##.###.#
#.....#........#


You could see Menkaure.

Vanquished Creatures
  A howler monkey (D:4)
  A bullfrog skeleton (D:4)
  5 adders
  A gnoll (D:1)
  2 worms (D:2)
  4 dart slugs
  2 leopard geckos
  5 orcs (D:3)
  3 giant cockroaches
  9 goblins
  8 hobgoblins
  3 jackals (D:3)
  A quokka (D:4)
  2 bats (D:1)
  5 frilled lizards
  6 kobolds (D:1)
  8 rats
66 creatures vanquished.

Notes
Turn   | Place    | Note
-------+----------+-------------------------------------------
     0 | D:1      | diana the Vine Stalker Fighter began the quest for the Orb.
     0 | D:1      | Reached XP level 1. HP: 11/11 MP: 2/2
    36 | D:1      | Reached XP level 2. HP: 16/16 MP: 3/3
    85 | D:1      | Reached XP level 3. HP: 8/20 MP: 4/4
  1026 | D:2      | Gained mutation: Your natural rate of healing is unusually
                  | fast. [Vine Stalker growth]
  1026 | D:2      | Reached XP level 4. HP: 17/24 MP: 2/5
  1692 | D:3      | Reached XP level 5. HP: 29/29 MP: 6/6
  1912 | D:3      | Found a snail-covered altar of Cheibriados.
  2144 | D:4      | Noticed Menkaure
  2150 | D:4      | Slain by Menkaure

Skill      XL: |  1  2  3  4  5 |
---------------+----------------+-----
Fighting       | 3 4 |  4.1
Unarmed Combat | 3 4 |  4.7
Armour         | |  2.4
Dodging        | |  0.1
Shields        | |  2.6

Action                   |  1- 3 |  4- 6 || total
-------------------------+-------+-------++-------
Melee: Unarmed           |    93 |   108 ||   201
       Bite              |    23 |    26 ||    49
  Use: Scroll            |       |     1 ||     1
       Potion            |       |     1 ||     1
  Eat: Chunk             |       |     3 ||     3
Armor: Scale mail        |    23 |    41 ||    64
Dodge: Dodged            |    24 |    28 ||    52
Block: Shield            |    43 |    47 ||    90
